 Dungeon Crawl Stone Soup version 0.27-a0-401-gea03ee85fd (webtiles) character file.

Game seed: 6660103703810305508

9891 HoaS the Grappler (level 11, 0/92 HPs)
             Began as a Ghoul Gladiator on Feb 20, 2021.
             Was a High Priest of Okawaru.
             Slain by a yak (10 damage)
             ... on level 10 of the Dungeon on Feb 21, 2021.
             The game lasted 00:28:14 (12094 turns).

HoaS the Grappler (Ghoul Gladiator)                Turns: 12094, Time: 00:28:14

Health: 0/92       AC: 22    Str: 20    XL:     11   Next: 53%
Magic:  9/11       EV: 11    Int:  3    God:    Okawaru [*****.]
Gold:   355        SH:  0    Dex: 12    Spells: 10/10 levels left

rFire    . . .     SeeInvis +     - Unarmed
rCold    + . .     Faith    .   (no shield)
rNeg     + + +     Spirit   .   t - +3 plate armour
rPois    ∞         Reflect  .   b - +1 helmet
rElec    .         Harm     .   o - +1 cloak
rCorr    .         Rampage  .   (no gloves)
Will     +....                  (no boots)
Stlth    ..........             l - amulet of the acrobat
HPRegen  0.00/turn              m - ring of willpower
MPRegen  0.12/turn              c - ring of see invisible

@: heroism
A: claws 1, cold resistance 1, negative energy resistance 3, inhibited
regeneration, torment resistance, unbreathing
a: Renounce Religion, Heroism, Finesse


You were on level 10 of the Dungeon.
You worshipped Okawaru.
Okawaru was extremely pleased with you.
You visited 2 branches of the dungeon, and saw 11 of its levels.

You collected 588 gold pieces.
You spent 233 gold pieces at shops.

Inventory:

Hand Weapons
 w - a +0 shortbow
Missiles
 e - 171 arrows
Armour
 b - a +1 helmet (worn)
 o - a +1 cloak (worn)
 t - a +3 plate armour (worn)
Jewellery
 c - a ring of see invisible (right claw)
 l - an amulet of the acrobat (around neck)
 m - a ring of willpower (left claw)
Wands
 p - a wand of digging (6)
 r - a wand of random effects (12)
 u - a wand of flame (12) (quivered)
Scrolls
 a - a scroll of identify
 d - 3 scrolls of fog
 g - 7 scrolls of enchant weapon
 n - 2 scrolls of enchant armour
 s - 2 scrolls of blinking
Potions
 f - 2 potions of heal wounds
 h - 5 potions of curing
 i - a potion of resistance
 k - 5 potions of flight
 q - a potion of might
 x - a potion of invisibility
 z - a potion of ambrosia {unknown}


   Skills:
 + Level 7.2(12.2) Fighting
 * Level 8.0(13.0) Bows
 - Level 1.7(6.7) Throwing
 + Level 5.6(10.6) Armour
 + Level 6.4(11.4) Dodging
 + Level 11.9(16.9) Unarmed Combat
 - Level 2.5 Invocations


You had 10 spell levels left.
You didn't know any spells.
Your spell library contained the following spells:

 Spells                   Type           Power        Failure   Level
 Foxfire                  Conj/Fire      0%           100%        1
 Conjure Flame            Conj/Fire      0%           100%        3
 Inner Flame              Hex/Fire       0%           100%        3
 Sticky Flame             Conj/Fire      0%           100%        4
 Fireball                 Conj/Fire      0%           100%        5
 Beastly Appendage        Tmut           Unusable     N/A         1
 Wereblood                Tmut           Unusable     N/A         2
 Spider Form              Tmut/Pois      Unusable     N/A         3
 Ice Form                 Ice/Tmut       Unusable     N/A         4
 Blade Hands              Tmut           Unusable     N/A         5

Dungeon Overview and Level Annotations

Branches:
Dungeon (10/15)            Temple (0/1) D:7            Lair (1/6) D:10
    Orc (0/2) D:9

Altars:
Ashenzari
Dithmenos
Gozag
Hepliaklqana
Kikubaaqudgha
Makhleb
Nemelex Xobeh
Okawaru
Qazlal
Ru
Sif Muna
Trog
Wu Jian
Xom
Yredelemnul
Zin

Shops:
D:8 ?


Innate Abilities, Weirdness & Mutations

You thrive by killing the living.
You are immune to poison.
You have sharp fingernails.
Your flesh is cold resistant. (rC+)
You are immune to negative energy. (rN+++)
You do not regenerate when monsters are visible.
You are immune to unholy pain and torment.
You can survive without breathing.


Message History

The six-headed hydra is lightly wounded.
The yak gores you but does no damage. The yak gores you.
You mangle the six-headed hydra!! You claw the six-headed hydra!!
The six-headed hydra is heavily wounded.
The six-headed hydra bites you.
The six-headed hydra bites you but does no damage.
The six-headed hydra closely misses you.
The six-headed hydra bites you. The six-headed hydra bites you!
The six-headed hydra bites you but does no damage.
The yak gores you! The yak closely misses you.
You barely miss the six-headed hydra.
The six-headed hydra is heavily wounded.
The six-headed hydra bites you.
The six-headed hydra bites you but does no damage.
The six-headed hydra bites you!
The six-headed hydra bites you but does no damage.
The six-headed hydra bites you.
The six-headed hydra bites you but does no damage.
You barely miss the six-headed hydra.
The six-headed hydra is heavily wounded.
The yak gores you but does no damage. The yak closely misses you.
Your plate armour prevents you from hitting the six-headed hydra.
The six-headed hydra is heavily wounded.
The six-headed hydra bites you but does no damage. x2
The six-headed hydra bites you.
* * * LOW HITPOINT WARNING * * *
The six-headed hydra barely misses you.
The six-headed hydra bites you but does no damage. x2
The yak completely misses you. The yak gores you!
* * * LOW HITPOINT WARNING * * *
You scratch the six-headed hydra.
The six-headed hydra is heavily wounded.
The six-headed hydra misses you.
The six-headed hydra bites you but does no damage. x2
The six-headed hydra closely misses you. x2
The six-headed hydra barely misses you. The yak misses you.
You scratch the six-headed hydra.
The six-headed hydra is heavily wounded.
The yak gores you!
You die...

..#....#####.....................
.................#...............
.................#...............
.................#...............
.................#...............
.................#...............
................Y#...............
...............YY#...............
..............YD@#...............
######################.......####
................#...........[#...
................#............#...
................#............#...
...####....######.##########.####
...#.......#...............#.....
...#.......#.............(.#.....
...#.......#...........)...#.....


You could see a six-headed hydra and 4 yaks.

Vanquished Creatures
  Josephine (D:10)
  2 two-headed ogres (D:9)
  A queen bee (D:9)
  A troll (D:10)
  Prince Ribbit (D:7)
  A shadow (D:9)
  A wyvern (D:7)
  5 wraiths (D:10)
  7 yaks
  A basilisk (D:8)
  Edmund (D:3)
  4 orc warriors
  A black bear (D:9)
  A sky beast (D:7)
  2 ice beasts (D:8)
  3 ogres
  5 centaurs
  A kobold brigand (D:8)
  2 phantoms (D:9)
  6 bullfrogs
  2 troll zombies (D:9)
  A water moccasin skeleton (D:8)
  5 scorpions
  20 killer bees
  3 wights (D:7)
  A howler monkey (D:8)
  2 electric eels (D:8)
  2 bullfrog zombies
  A centaur zombie (D:5)
  3 jellies
  3 hounds
  7 orc priests
  4 iguanas
  A bullfrog skeleton (D:5)
  2 centaur skeletons (D:9)
  4 orc wizards
  7 worker ants
  A killer bee zombie (D:9)
  4 ogre zombies (D:9)
  A hound zombie (D:7)
  2 worker ant zombies
  13 adders
  7 gnolls
  3 shadow imps
  4 white imps
  3 ufetubi
  An adder skeleton (D:8)
  3 adder zombies
  4 worms
  2 dart slugs
  3 leopard geckos (D:5)
  25 orcs
  8 giant cockroaches
  4 goblins
  6 hobgoblins
  8 jackals
  11 kobolds
  A quokka (D:9)
  A ball python (D:2)
  9 bats
  5 frilled lizards
  A giant cockroach zombie (D:5)
  2 goblin skeletons (D:9)
  5 goblin zombies (D:9)
  2 hobgoblin skeletons (D:9)
  4 hobgoblin zombies (D:9)
  2 leopard gecko skeletons
  6 orc zombies (D:9)
  A quokka skeleton (D:8)
  9 rats
276 creatures vanquished.

Notes
Turn   | Place    | Note
-------+----------+-------------------------------------------
     0 | D:1      | HoaS the Ghoul Gladiator began the quest for the Orb.
     0 | D:1      | Reached XP level 1. HP: 17/17 MP: 0/0
   449 | D:1      | Reached XP level 2. HP: 22/24 MP: 1/1
   474 | D:1      | Reached skill level 4 in Unarmed Combat
  1114 | D:2      | Reached XP level 3. HP: 29/29 MP: 2/2
  1119 | D:2      | Found a glowing silver altar of Zin.
  1181 | D:2      | Found a shadowy altar of Dithmenos.
  1248 | D:2      | Reached skill level 5 in Unarmed Combat
  1346 | D:2      | Reached XP level 4. HP: 33/36 MP: 3/3
  1847 | D:3      | Reached skill level 1 in Bows
  1851 | D:3      | Found a basalt altar of Yredelemnul.
  2407 | D:4      | Reached XP level 5. HP: 34/41 MP: 4/4
  2424 | D:4      | Reached skill level 6 in Unarmed Combat
  2446 | D:4      | Noticed Edmund
  2517 | D:3      | Killed Edmund
  2518 | D:3      | Reached skill level 7 in Unarmed Combat
  2518 | D:3      | Reached XP level 6. HP: 3/48 MP: 5/5
  2989 | D:4      | Found an ornate altar of the Wu Jian Council.
  3358 | D:4      | Reached skill level 8 in Unarmed Combat
  3358 | D:4      | Reached XP level 7. HP: 42/55 MP: 6/6
  3698 | D:5      | Entered Level 5 of the Dungeon
  3840 | D:5      | Reached skill level 9 in Unarmed Combat
  3857 | D:5      | Found a shimmering altar of Xom.
  4002 | D:5      | Found a bloodstained altar of Trog.
  4085 | D:5      | Found a sparkling altar of Nemelex Xobeh.
  4142 | D:5      | Reached XP level 8. HP: 58/61 MP: 7/7
  4151 | D:5      | Reached skill level 10 in Unarmed Combat
  4387 | D:6      | Found a sacrificial altar of Ru.
  4537 | D:6      | Found a shimmering blue altar of Sif Muna.
  5088 | D:5      | Reached skill level 1 in Armour
  5597 | D:6      | Found an iron altar of Okawaru.
  5597 | D:6      | Found a hazy altar of Hepliaklqana.
  5653 | D:6      | Became a worshipper of Warmaster Okawaru
  6002 | D:7      | Found a bloodstained altar of Trog.
  6025 | D:7      | Reached skill level 1 in Invocations
  6025 | D:7      | Reached XP level 9. HP: 58/71 MP: 8/8
  6166 | D:7      | Found a staircase to the Ecumenical Temple.
  6291 | D:7      | Noticed Prince Ribbit
  6299 | D:7      | Upgraded the game from 0.27-a0-394-g49c82dfaf2 to
                  | 0.27-a0-401-gea03ee85fd
  6454 | D:7      | Killed Prince Ribbit
  6856 | D:7      | Reached * piety under Okawaru
  6966 | D:7      | Found an ancient bone altar of Kikubaaqudgha.
  7364 | D:8      | Found Lexomeg's Magic Scroll Shop.
  7374 | D:8      | Bought a scroll of enchant weapon for 97 gold pieces
  7374 | D:8      | Bought a scroll of enchant armour for 97 gold pieces
  7374 | D:8      | Bought a scroll of teleportation for 39 gold pieces
  7425 | D:8      | Reached ** piety under Okawaru
  7516 | D:8      | Reached skill level 5 in Bows
  7730 | D:8      | Reached skill level 5 in Fighting
  7986 | D:8      | Reached skill level 11 in Unarmed Combat
  7986 | D:8      | Reached XP level 10. HP: 58/81 MP: 10/10
  8127 | D:8      | Found an opulent altar of Gozag.
  8416 | D:8      | Found a burning altar of Makhleb.
  8416 | D:8      | Noticed a balrug
  8867 | D:9      | Found a staircase to the Orcish Mines.
  8895 | D:9      | Reached skill level 5 in Dodging
  9238 | D:9      | Reached *** piety under Okawaru
  9432 | D:9      | Found a stormy altar of Qazlal.
  9532 | D:9      | Found a broken altar of Ashenzari.
  9535 | D:9      | Noticed a two-headed ogre
  9549 | D:9      | Killed a two-headed ogre
  9549 | D:9      | Reached **** piety under Okawaru
  9797 | D:9      | Received a gift from Okawaru
  9875 | D:9      | Reached XP level 11. HP: 50/91 MP: 8/11
  9879 | D:9      | Reached skill level 5 in Armour
 10374 | D:10     | Entered Level 10 of the Dungeon
 10468 | D:10     | Noticed Josephine
 10480 | D:10     | Killed Josephine
 10487 | D:10     | Reached ***** piety under Okawaru
 10499 | D:10     | HP: 4/91 [wraith[Josephine] (3)]
 10829 | D:10     | Noticed a two-headed ogre
 11393 | D:9      | Killed a two-headed ogre
 11698 | D:10     | Found a staircase to the Lair.
 12071 | Lair:1   | Entered Level 1 of the Lair of Beasts
 12071 | Lair:1   | Noticed a six-headed hydra
 12094 | D:10     | Slain by a yak

Illustrated notes

Levels and vault maps discovered:
D:1:      minmay_arrival_nine_rooms, layout_basic
D:2:      layout_basic, old_standard_altar, serial_park_tiny_2,
          nicolae_dithmenos_shadow_blocks
D:3:      layout_basic, lemuel_crystal_altar
D:4:      layout_cave_pools, nzn_wu_jian_council_hall, uniq_edmund
D:5:      layout_basic, lemuel_coloured_pillars_altar, marbit_many_paths,
          lemuel_round_altar, grunt_ministairs_7, chequers_serial_rivers_micro_c
D:6:      layout_layer_cave, lemuel_doored_altar, lemuel_crystal_altar,
          gammafunk_temple_overflow_elements
D:7:      layout_basic, general_overflow_altar, minmay_temple_entry_mini_moons,
          basic_altar, chequers_serial_rivers_marsh, minmay_stone_trees_large,
          dk_noncrumbling_4, uniq_prince_ribbit1
D:8:      layout_cave_pools, grunt_gozag_breadcrumbs, makhleb_altar_promises_db,
          serial_shops, nicolae_shop_window_shopping, eino_tiny_chamber,
          disabler_island
D:9:      layout_roguey, grunt_qazlal_clouds, ashenzari_altar_1,
          zombieorc1_lemuel, minmay_hedge_maze, chequers_serial_rivers_room_a,
          minivault_7
D:10:     layout_grid_maze, lair_entry_dummy, uniq_josephine
Lair:1:   layout_loops_ring, minmay_lair_oklob_bushes, uniq_maggie

Skill      XL: |  1  2  3  4  5  6  7  8  9 10 11 |
---------------+----------------------------------+-----
Unarmed Combat | 4 5 7 8 9 10 11 | 11.9
Bows           | 1 2 3 5 7 8 |  8.0
Armour         | 2 3 4 5 |  5.6
Dodging        | 3 4 5 6 |  6.4
Fighting       | 3 5 6 7 |  7.2
Invocations    | 1 2 |  2.5
Throwing       | |  1.7

Action                   |  1- 3 |  4- 6 |  7- 9 | 10-12 || total
-------------------------+-------+-------+-------+-------++-------
Melee: Unarmed           |    92 |   151 |   371 |   411 ||  1025
       Punch             |       |     2 |    19 |    13 ||    34
 Fire: Shortbow          |       |       |       |     4 ||     4
Throw: Throwing net      |       |     3 |     2 |     1 ||     6
Invok: Heroism           |       |       |       |     5 ||     5
  Use: Scroll            |     5 |     3 |     9 |     8 ||    25
       Potion            |       |       |       |     1 ||     1
 Stab: Held in net/web   |       |     1 |     1 |       ||     2
Armor: Leather armour    |    37 |     4 |       |       ||    41
       Ring mail         |       |    16 |       |       ||    16
       Chain mail        |       |    24 |    42 |       ||    66
       Plate armour      |       |       |   116 |   250 ||   366
Dodge: Dodged            |    61 |    71 |   215 |   227 ||   574

Table legend: (Time is in decaauts)
 A = Elapsed time spent in this place.
 B = Non-inter-level travel time spent in this place.
 C = Inter-level travel time spent in this place.
 D = Time resting spent in this place.
 E = Time spent auto-exploring this place.
 F = Levels seen in this place.
 G = Mean time per level.
                   A        B        C        D        E       F      G
               +--------+--------+--------+--------+--------+-----+--------+
         Total |  11959 |  11677 |    282 |   3484 |   6087 |  11 | 1087.2 |
       Dungeon |  11952 |  11670 |    282 |   3484 |   6087 |  10 | 1195.2 |
          Lair |      7 |      7 |      0 |      0 |      0 |   1 |    7.0 |
               +--------+--------+--------+--------+--------+-----+--------+

Top non-repeatable levels by time:
     D:9: 1912 daAuts
     D:8: 1505 daAuts
     D:3: 1404 daAuts
    D:10: 1347 daAuts
     D:6: 1266 daAuts
     D:7: 1194 daAuts
     D:5: 1049 daAuts
     D:1: 969 daAuts
     D:2: 696 daAuts
     D:4: 604 daAuts
  Lair:1: 7 daAuts
